 Dungeon Crawl Stone Soup version 0.20.0-8-g6b59dc7 (webtiles) character file.

3 straycat the Charmwright (level 1, -2/16 HPs)
             Began as a Vampire Wanderer on May 31, 2017.
             Slain by a leopard gecko (3 damage)
             ... on level 1 of the Dungeon.
             The game lasted 00:02:06 (179 turns).

straycat the Charmwright (Vampire Wanderer)          Turns: 179, Time: 00:02:06

Health: -2/16      AC:  2    Str: 11    XL:     1   Next: 41%
Magic:  2/2        EV:  8    Int: 14    God:
Gold:   29         SH:  7    Dex: 13    Spells: 2/2 levels left

rFire    . . .     SeeInvis +   b - +0 hand crossbow
rCold    . . .     Gourm    .   a - +0 shield
rNeg     + . .     Faith    .   e - +0 robe
rPois    .         Spirit   .   (no helmet)
rElec    .         Reflect  .   (no cloak)
rCorr    .         Harm     .   (no gloves)
MR       .....                  (no boots)
Stlth    ++........             (no amulet)
Regen    0.1/turn               (no ring)
MPRegen  0.1/turn               (no ring)

@: no status effects
A: fangs 3, see invisible, unbreathing
a: no special abilities


You were on level 1 of the Dungeon.
You were not thirsty.

You visited 1 branch of the dungeon, and saw 1 of its levels.

You collected 29 gold pieces.

Inventory:

Hand Weapons
 b - a +0 hand crossbow (weapon)
 j - a +0 dagger
Missiles
 c - 14 bolts (quivered)
 k - 22 stones
 m - 18 arrows
Armour
 a - a +0 shield (worn)
 e - a +0 robe (worn)
Scrolls
 h - a scroll of fear {unknown}
 i - a scroll of immolation {unknown}
 l - a scroll of magic mapping {unknown}
Potions
 f - 2 potions of blood
 g - a potion of mutation {unknown}
Books
 d - the Reference Book on Displacement

   Spells                             Type                      Level
   a - Shroud of Golubria             Charms/Translocation         2
   b - Blink                          Translocation                2


   Skills:
 * Level 1.9 Fighting
 + Level 0.2 Short Blades
   Level 1.0 Maces & Flails
 + Level 1.5 Armour
 * Level 0.0 Dodging
 * Level 2.0 Stealth
 + Level 1.0 Shields
 + Level 1.0 Spellcasting
   Level 2.1 Charms


You had 2 spell levels left.
You didn't know any spells.

Dungeon Overview and Level Annotations

Branches:
Dungeon (1/15)

Altars:
Ashenzari


Innate Abilities, Weirdness & Mutations

You have razor-sharp teeth.
You have supernaturally acute eyesight. (SInv)
You can survive without breathing.


Message History

Aim: a leopard gecko You shoot a bolt.
The bolt hits the leopard gecko.
The leopard gecko is heavily wounded.
You block the leopard gecko's attack.
Firing (i - inventory. (,) - cycle):
c - 16 bolts (quivered)
Press: ? - help, Shift-Dir - straight line, f/p - leopard gecko
Aim: a leopard gecko (heavily wounded)
You shoot a bolt.
The bolt barely misses the leopard gecko.
You block the leopard gecko's attack. The leopard gecko bites you.
* * * LOW HITPOINT WARNING * * *
Firing (i - inventory. (,) - cycle):
c - 15 bolts (quivered)
Press: ? - help, Shift-Dir - straight line, f/p - leopard gecko
Aim: a leopard gecko (heavily wounded)
You shoot a bolt.
The bolt barely misses the leopard gecko.
The leopard gecko bites you but does no damage.
You block the leopard gecko's attack. The leopard gecko bites you.
You die...

#######.......##.#####.....
#...........#........+....#
##.######...#.##.#####....#
#..........#.##.#####....#
####.....#..>...รท.....###.
#....#############.#...
#.#........ ##.#...
#.#.########+####..#...
#.....@............####
###.##l.............. #
#.##.(..............#
#.##............###.#
...#$......... #..
####.....#.### #..
#.....#.# #.# #.....# . #
#.(...# # #...


You could see a leopard gecko.

Vanquished Creatures
  A giant cockroach (D:1)
  A ball python (D:1)
  A kobold (D:1)
  A rat (D:1)
4 creatures vanquished.

Notes
Turn   | Place    | Note
-------+----------+-------------------------------------------
     0 | D:1      | straycat the Vampire Wanderer began the quest for the Orb.
     0 | D:1      | straycat set off with: a +0 shield, a +0 hand crossbow, 25 bolts, the Reference Book on Displacement, a +0 robe, a potion of blood
     0 | D:1      | Reached XP level 1. HP: 16/16 MP: 2/2
     0 | D:1      | Identified the Reference Book on Displacement
    41 | D:1      | Found a shattered altar of Ashenzari.
   179 | D:1      | Slain by a leopard gecko

Skill      XL: |  1 |
---------------+----+-----
Stealth        | 2 |  2.0
Fighting       | |  1.9
Short Blades   | |  0.2
Maces & Flails | |  1.0
Armour         | |  1.5
Shields        | |  1.0
Spellcasting   | |  1.0
Charms         | |  2.1

Action                   || total
-------------------------++-------
 Fire: Hand crossbow     ||    15
Armor: Robe              ||     4
Dodge: Dodged            ||     1
Block: Shield            ||     5
